 Dungeon Crawl Stone Soup version 0.24-a0-373-g39439d866b (webtiles) character file.

Game seed: 3437551491750922595

141 theanonym the Skirmisher (level 5, -3/46 HPs)
             Began as a Minotaur Assassin on May 30, 2019.
             Blown up by Ijyb (32 damage)
             ... with a disintegration bolt
             ... on level 3 of the Dungeon.
             The game lasted 00:02:20 (1625 turns).

theanonym the Skirmisher (Minotaur Assassin)        Turns: 1625, Time: 00:02:21

Health: -3/46      AC: 11    Str: 15    XL:     5   Next: 3%
Magic:  4/4        EV:  6    Int:  8    God:
Gold:   81         SH:  3    Dex: 13    Spells: 4/4 levels left

rFire    . . .     SeeInvis .   a - +2 dagger
rCold    . . .     Gourm    .   t - +0 buckler
rNeg     . . .     Faith    .   i - +0 chain mail
rPois    .         Spirit   .   (helmet restricted)
rElec    .         Reflect  .   c - +0 cloak
rCorr    .         Harm     .   (no gloves)
MR       +....                  h - +0 pair of boots (curse)
Stlth    ..........             (no amulet)
HPRegen  0.15/turn              o - ring of protection from magic
MPRegen  0.09/turn              (no ring)

@: no status effects
A: retaliatory headbutt, horns 2
a: no special abilities


Innate Abilities, Weirdness & Mutations

You reflexively headbutt those who attack you in melee.
You have a pair of horns on your head.


   Skills:
 + Level 4.2 Fighting
 + Level 3.6 Short Blades
 - Level 2.0 Throwing
 + Level 3.1 Armour
 - Level 1.1 Dodging
 - Level 3.2 Stealth


You had 4 spell levels left.
You didn't know any spells.
Your spell library was empty.

Skill      XL: |  1  2  3  4 |
---------------+-------------+-----
Armour         | 1 2 3 |  3.1
Fighting       | 3 4 |  4.2
Short Blades   | 3 |  3.6
Throwing       | |  2.0
Dodging        | |  1.1
Stealth        | |  3.2

Action                   |  1- 3 |  4- 6 || total
-------------------------+-------+-------++-------
Melee: Dagger            |   108 |    56 ||   164
       Headbutt          |    16 |    11 ||    27
 Stab: Sleeping          |     2 |       ||     2
  Eat: Chunk             |       |     2 ||     2
Armor: Ring mail         |    16 |       ||    16
       Robe              |     1 |       ||     1
       Chain mail        |    34 |    23 ||    57
Dodge: Dodged            |    45 |    12 ||    57
Block: Buckler           |       |     7 ||     7

Inventory:

Hand Weapons
 a - a +2 dagger (weapon)
Missiles
 d - 8 poisoned darts (quivered)
 f - 2 curare-tipped darts
Armour
 c - a +0 cloak (worn)
 h - a cursed +0 pair of boots (worn)
 i - a +0 chain mail (worn)
 t - a +0 buckler (worn)
Jewellery
 o - a ring of protection from magic (left hand)
Wands
 p - a wand of polymorph (3)
Scrolls
 g - a scroll of blinking {unknown}
 j - a scroll of identify {unknown}
 k - 2 scrolls of enchant weapon {unknown}
 m - 2 scrolls of enchant armour {unknown}
 s - a scroll of teleportation {unknown}
Potions
 b - a potion of curing {unknown}
 l - 2 potions of might {unknown}
 n - a potion of degeneration {unknown}
 q - a potion of resistance {unknown}
 r - a potion of agility {unknown}
 u - a potion of brilliance {unknown}
Comestibles
 e - 9 rations
 v - 2 chunks of flesh


You were on level 3 of the Dungeon.
You were not hungry.

You visited 1 branch of the dungeon, and saw 3 of its levels.

You collected 81 gold pieces.

Dungeon Overview and Level Annotations

Branches:
Dungeon (3/15)

Altars:
Elyvilon
Gozag
Hepliaklqana
Ru
Wu Jian
Xom
Zin

Annotations:
D:3 Ijyb

## #_## ..##
.._. ###8...8
.... ._...
.##..$.. #..#
..... )#8.....
#..#.g.%⌠.
###.....
#..#......
###8...8
#....._... .#
#_## ##.# ## #
######..####
#.#
#...@......#
.#
#..###.###.#.#
#.# #. #.#
#.#.# ..
#.###.#.# ##
.. #.##....#
.# ##
#.#.....# .#
#.#.....#
.#### .#.....#
..[.# ##....#


You could see Ijyb.

Notes
Turn   | Place    | Note
-------+----------+-------------------------------------------
     0 | D:1      | theanonym the Minotaur Assassin began the quest for the
                  | Orb.
     0 | D:1      | Reached XP level 1. HP: 18/18 MP: 0/0
    82 | D:1      | Reached skill level 1 in Armour
   186 | D:1      | Reached XP level 2. HP: 22/25 MP: 1/1
   366 | D:1      | Reached skill level 3 in Fighting
   812 | D:2      | Reached XP level 3. HP: 27/31 MP: 2/2
   856 | D:2      | Reached skill level 2 in Armour
   953 | D:2      | Reached skill level 3 in Short Blades
   998 | D:2      | Reached XP level 4. HP: 40/40 MP: 3/3
  1330 | D:2      | Found a glowing silver altar of Zin.
  1331 | D:2      | Found an opulent altar of Gozag.
  1423 | D:3      | Noticed Terence
  1437 | D:3      | Killed Terence
  1437 | D:3      | Reached skill level 4 in Fighting
  1482 | D:3      | Found a shimmering altar of Xom.
  1484 | D:3      | Found an ornate altar of the Wu Jian Council.
  1501 | D:3      | Noticed Natasha
  1511 | D:3      | Killed Natasha
  1511 | D:3      | Reached skill level 3 in Armour
  1511 | D:3      | Reached XP level 5. HP: 39/46 MP: 4/4
  1620 | D:3      | Found a white marble altar of Elyvilon.
  1620 | D:3      | Found a sacrificial altar of Ru.
  1620 | D:3      | Noticed Ijyb
  1621 | D:3      | Found a hazy altar of Hepliaklqana.
  1625 | D:3      | Blown up by Ijyb

Vanquished Creatures
  Terence (D:3)
  Natasha (D:3)
  4 adders (D:2)
  5 worms
  A leopard gecko (D:2)
  4 giant cockroaches
  3 goblins
  3 hobgoblins
  2 jackals (D:2)
  A quokka (D:2)
  A ball python (D:1)
  6 bats
  A frilled lizard (D:2)
  5 kobolds
  7 rats
45 creatures vanquished.

Table legend:
 A = Turns spent in this place as a percentage of turns spent in the entire game.
 B = Non-inter-level travel turns spent in this place as a percentage of non-inter-level travel turns spent in the entire game.
 C = Inter-level travel turns spent in this place as a percentage of turns spent in this place.
 D = Turns resting spent in this place as a percentage of non-inter-level travel turns spent in this place.
 E = Turns spent auto-exploring this place as a percentage of non-inter-level travel turns spent in this place.
 F = Non-inter-level travel turns spent in this place divided by the number of levels of this place that you've seen.
                   A       B       C       D       E      F
               +-------+-------+-------+-------+-------+----------------------
         Total | 100.0 | 100.0 |   7.5 |   2.7 |  75.8 | 501.0
       Dungeon | 100.0 | 100.0 |   7.5 |   2.7 |  75.8 | 501.0
               +-------+-------+-------+-------+-------+----------------------
